 Dungeon Crawl Stone Soup version 0.31-a0-1469-gd420192249 (webtiles) character file.

Game seed: 14049068382677055958

3336 pokeman the Thaumaturge (level 9, -12/48 HPs)
             Began as a Deep Elf Hedge Wizard on Dec 28, 2023.
             Was a Believer of Vehumet.
             Mangled by a death yak (16 damage)
             ... on level 8 of the Dungeon.
             The game lasted 00:15:57 (9019 turns).

pokeman the Thaumaturge (Deep Elf Hedge Wizard)     Turns: 9019, Time: 00:15:58

Health: -12/48     AC:  5    Str: 13    XL:     9   Next: 72%
Magic:  17/27      EV: 13    Int: 30    God:    Vehumet [**....]
Gold:   162        SH:  0    Dex: 14    Spells: 23/32 levels left

rFire   . . .        h - +2 halberd (venom)
rCold   + . .        (shield currently unavailable)
rNeg    + . .        b - +0 robe
rPois   .            r - +2 helmet {SInv}
rElec   .            H - +1 cloak
rCorr   .            (no gloves)
SInv    +            G - +1 pair of boots
Will    ++...        (no amulet)
Stlth   ++           i - ring of the Evening {*Corrode rC+ rN+ Will++ Str+6}
HPRegen 0.28/turn    I - +6 ring of intelligence
MPRegen 0.20/turn

%: corrode self (3%)
@: corroded, on blink cooldown
A: no striking features
a: Renounce Religion


You were on level 8 of the Dungeon.
You worshipped Vehumet.
Vehumet was pleased with you.
You visited 2 branches of the dungeon, and saw 9 of its levels.

You collected 462 gold pieces.
You spent 300 gold pieces at shops.

Inventory:

Hand Weapons
 h - a +2 halberd of venom (weapon)
 p - a +1 spear of pain
 y - a +2 dagger of venom
Missiles
 D - 2 curare-tipped darts
Armour
 b - a +0 robe (worn)
 r - a +2 helmet of see invisible (worn)
 G - a +1 pair of boots (worn)
 H - a +1 cloak (worn)
Jewellery
 i - the ring of the Evening (left hand) {*Corrode rC+ rN+ Will++ Str+6}
   (You found it on level 2 of the Dungeon)

   [ring of strength]

   Str+6:     It affects your strength (+6).
   rC+:       It protects you from cold.
   rN+:       It protects you from negative energy.
   Will++:    It greatly increases your willpower.
   *Corrode:  It may corrode you when you take damage.
 s - a ring of protection from fire
 I - a +6 ring of intelligence (right hand)
Wands
 A - a wand of iceblast (13)
 B - a wand of paralysis (11)
Scrolls
 c - 7 scrolls of teleportation {unknown}
 e - 4 scrolls of poison {unknown}
 m - 3 scrolls of noise {unknown}
 n - a scroll of acquirement {unknown}
 q - 2 scrolls of fog {unknown}
 t - a scroll of revelation {unknown}
 u - a scroll of immolation {unknown}
 w - 4 scrolls of identify {unknown}
 x - a scroll of fear {unknown}
 z - 2 scrolls of amnesia {unknown}
 F - a scroll of enchant weapon {unknown}
 K - a scroll of blinking {unknown}
Potions
 a - 2 potions of might {unknown}
 d - 2 potions of magic
 f - 2 potions of heal wounds {unknown}
 g - 4 potions of lignification
 j - 2 potions of attraction {unknown}
 k - 2 potions of curing
 l - a potion of haste {unknown}
 o - a potion of degeneration {unknown}
 v - a potion of cancellation {unknown}
 C - a potion of enlightenment {unknown}
 E - a potion of ambrosia {unknown}
 J - a potion of invisibility {unknown}


   Skills:
 + Level 2.0 Fighting
 - Level 3.0 Armour
 - Level 3.0 Dodging
 - Level 3.0 Stealth
 - Level 3.0 Shields
 * Level 12.1 Spellcasting
 + Level 6.7 Conjurations
 - Level 1.1 Summonings
 - Level 1.3 Necromancy
 - Level 1.1 Translocations
 + Level 5.4 Fire Magic
 - Level 1.0 Air Magic
 - Level 1.1 Alchemy
 - Level 1.0 Evocations


You had 23 spell levels left.
You knew the following spells:

 Your Spells              Type           Power      Damage    Failure   Level
a - Magic Dart            Conj           100%       1d8       1%          1
b - Mephitic Cloud        Conj/Alch/Air  36%        N/A       2%          3
c - Call Imp              Summ           48%        N/A       2%          2
d - Blink                 Tloc           48%        N/A       2%          2
e - Foxfire               Conj/Fire      100%       2x1d9     1%          1

Your spell library contained the following spells:

 Spells                   Type           Power      Damage    Failure   Level
 Static Discharge         Conj/Air       82%        3-7/arc   1%          2
 Slow                     Hex            72%        N/A       2%          1
 Cigotuvi's Dreadful Rot  Necr/Alch/Air  50%        N/A       2%          2


Dungeon Overview and Level Annotations

Branches:
Dungeon (8/15)             Temple (1/1) D:4            Lair (0/5) D:8

Altars:
Ashenzari
Cheibriados
Dithmenos
Elyvilon
Fedhas
Gozag
Hepliaklqana
Kikubaaqudgha
Makhleb
Nemelex Xobeh
Qazlal
Ru
Sif Muna
Trog
Uskayaw
Vehumet
Wu Jian
Xom
Yredelemnul
Zin
The Shining One

Shops:
D:4 [   D:5 *   D:8 [

Annotations:
D:6 Scrolls behind grate


Message History

The death yak is lightly wounded.
The foxfire hits the death yak.
The death yak is lightly wounded.
The death yak is engulfed in noxious fumes.
The foxfire hits the death yak.
The death yak is moderately wounded.
Casting: Foxfire (safe; 1% risk of failure)
Confirm with . or Enter, or press ? or * to list all spells.
You blink.
You are engulfed in noxious fumes.
You choke on the stench!
You are confused.
The foxfire hits the death yak.
The death yak is moderately wounded.
Unknown command.
You feel less confused.
The death yak is engulfed in noxious fumes.
The death yak attacks as it pursues you!
The death yak gores you. The death yak gores you!!
Ouch! That really hurt!
Your corrosive artefact corrodes you!
Unknown command.
You feel ready to blink again.
The death yak attacks as it pursues you!
The death yak gores you!
* * * LOW HITPOINT WARNING * * *
Unknown command.
Casting: Blink (safe; 2% risk of failure)
Confirm with . or Enter, or press ? or * to list all spells.
You blink.
The death yak closely misses you.
The death yak is engulfed in noxious fumes.
The death yak misses you.
Aiming: Paralyse
Press: ? - help, Shift-Dir - straight line, f - death yak
Aim: a death yak (chance to affect: 2%)
Okay, then.
Unknown command.
The death yak is engulfed in noxious fumes.
The death yak attacks as it pursues you!
The death yak gores you!
You die...

...
#.....##.^..###.)#.#†#.
..#
##...........##...#.#.#
#.#
#..##.........#....#.#.
#.#
##.####..............#.#
##.####.##
#..#............#.
###...##..#
#.####...........#
#.(......## ##.#
##......#....
...#.<.##.# #..#
##.....###...
..###..##>.#
#.@####..##..# ##.. ..#
#..##...###.Y##....###.#
##. ..#
#.........5.Y☼.....#
#..# ##
..##.......#..<°.......#
##.## #
..........#..###....#..#
#.## # .........#..##
#...###.## #.... #
...........#
##..###..##..# ###
..#.....##.
#...##......# #..
.......# #.
#...#......## #..


You could see 2 death yaks and a shadow imp.

Vanquished Creatures
  Prince Ribbit (D:7)
  Sigmund (D:5)
  2 wyverns
  An acid dragon (D:8)
  2 water moccasins
  An orc warrior (D:8)
  3 black bears
  2 sky beasts
  A centaur (D:5)
  2 ogres (D:7)
  2 bullfrogs
  A kobold brigand (D:7)
  4 scorpions
  4 wights (D:7)
  A bombardier beetle (D:5)
  3 hounds
  5 orc priests
  3 jellies
  2 iguanas
  Ijyb (D:5)
  7 orc wizards
  A hell rat (D:8)
  Robin (D:3)
  7 gnolls
  5 adders
  2 river rats (D:8)
  2 shadow imps
  3 white imps
  3 worms
  2 dart slugs (D:4)
  27 orcs
  8 ball pythons
  7 bats
  5 endoplasms
  2 giant cockroaches
  14 goblins
  8 hobgoblins
  8 kobolds
  7 quokkas
  6 frilled lizards
  5 rats
172 creatures vanquished.

Vanquished Creatures (collateral kills)
  A foxfire (D:8)
1 creature vanquished.

Vanquished Creatures (others)
  An orc wizard (D:3)
  342 foxfires
343 creatures vanquished.

Grand Total: 516 creatures vanquished

Notes
Turn   | Place    | Note
-------+----------+-------------------------------------------
     0 | D:1      | pokeman the Deep Elf Hedge Wizard began the quest for the
                  | Orb.
     0 | D:1      | Reached XP level 1. HP: 10/10 MP: 7/7
   243 | D:1      | Reached XP level 2. HP: 16/16 MP: 2/9
  1210 | D:2      | Reached skill level 5 in Spellcasting
  1227 | D:2      | Identified the ring of the Evening {*Corrode rC+ rN+ Will++
                  | Str+6}
  1618 | D:2      | Reached XP level 3. HP: 20/20 MP: 7/11
  1622 | D:2      | Learned a level 3 spell: Mephitic Cloud
  1625 | D:2      | Learned a level 2 spell: Call Imp
  1628 | D:2      | Learned a level 2 spell: Blink
  2190 | D:3      | Reached skill level 1 in Fighting
  2190 | D:3      | Reached skill level 1 in Armour
  2688 | D:3      | Found a hazy altar of Hepliaklqana.
  2705 | D:3      | Reached XP level 4. HP: 22/25 MP: 4/13
  2830 | D:3      | Noticed Robin
  2856 | D:3      | Killed Robin
  3424 | D:3      | Reached skill level 6 in Spellcasting
  3527 | D:4      | Found a staircase to the Ecumenical Temple.
  3534 | Temple   | Entered the Ecumenical Temple
  3540 | Temple   | Became a worshipper of Vehumet
  3643 | D:4      | Reached XP level 5. HP: 29/29 MP: 11/15
  3648 | D:4      | Reached skill level 1 in Shields
  3947 | D:4      | Found Atoac's Antique Armour Emporium.
  4371 | D:4      | Reached skill level 1 in Alchemy
  4658 | D:5      | Entered Level 5 of the Dungeon
  4661 | D:5      | Noticed a centaur
  4664 | D:5      | Reached XP level 6. HP: 22/34 MP: 10/17
  4668 | D:5      | Reached skill level 1 in Air Magic
  4669 | D:5      | Reached * piety under Vehumet
  4669 | D:5      | Offered knowledge of Foxfire by Vehumet.
  4671 | D:5      | Reached skill level 7 in Spellcasting
  4681 | D:5      | Reached XP level 7. HP: 32/39 MP: 11/20
  4686 | D:5      | Learned a level 1 spell: Foxfire
  4801 | D:5      | Found Paraataz's Neck Hole.
  4827 | D:5      | Noticed Sigmund
  4833 | D:5      | Killed Sigmund
  4834 | D:5      | Reached skill level 8 in Spellcasting
  4834 | D:5      | Reached skill level 1 in Necromancy
  4834 | D:5      | Reached skill level 1 in Fire Magic
  5038 | D:5      | Noticed Ijyb
  5048 | D:5      | Killed Ijyb
  5170 | D:5      | Reached skill level 1 in Evocations
  5418 | D:5      | Found a bloodstained altar of Trog.
  5581 | D:5      | Reached XP level 8. HP: 44/44 MP: 19/22
  5887 | D:6      | Reached skill level 9 in Spellcasting
  6094 | D:6      | Reached skill level 5 in Conjurations
  6263 | D:6      | Found a glowing silver altar of Zin.
  6417 | D:7      | Reached skill level 10 in Spellcasting
  6589 | D:7      | Found a sparkling altar of Nemelex Xobeh.
  6873 | D:7      | Reached ** piety under Vehumet
  6873 | D:7      | Offered knowledge of Static Discharge by Vehumet.
  7070 | D:7      | Reached XP level 9. HP: 48/48 MP: 18/25
  7154 | D:7      | Noticed Prince Ribbit
  7162 | D:7      | Killed Prince Ribbit
  7306 | D:7      | Reached skill level 11 in Spellcasting
  7714 | D:8      | Found Vouwum's Antique Armour Shoppe.
  7736 | D:8      | Reached skill level 5 in Fire Magic
  8029 | D:8      | Bought a pair of runed boots for 150 gold pieces
  8029 | D:8      | Bought an embroidered cloak for 150 gold pieces
  8233 | D:8      | Noticed a death yak
  8234 | D:8      | Noticed a death yak
  8236 | D:8      | Noticed a death yak
  8709 | D:8      | Reached skill level 12 in Spellcasting
  8920 | D:8      | Found a staircase to the Lair.
  9019 | D:8      | Mangled by a death yak

Illustrated notes

Levels and vault maps discovered:
D:1:      dpeg_arrival_concentric_ovals, layout_basic
D:2:      layout_loops_corners
D:3:      wander_river, layout_loops_corners, old_standard_altar, uniq_robin
D:4:      layout_basic, minmay_temple_entry_wispy, serial_shops,
          nicolae_shop_dealshenge
D:5:      layout_basic, mainiacjoe_overflow_surrounded_room,
          palyth_stone_intersect, nicolae_shop_sticking_my_neck_out, uniq_ijyb,
          uniq_sigmund
D:6:      layout_cave_pools, zin_scriptorium
D:7:      layout_loops_ring, mainiacjoe_overflow_cross_hatched,
          minmay_misc_feat_more_columns, uniq_maggie, uniq_prince_ribbit1
D:8:      layout_layer_cave, okawaru_altar_gauntlet_db, dpeg_lair_monsters,
          nicolae_stop_n_shop_2, nicolae_the_louvre
Temple:   sentei_temple_godly_chess

Skill      XL: |  1  2  3  4  5  6  7  8  9 |
---------------+----------------------------+-----
Spellcasting   | 5 6 7 8 10 12 | 12.1
Fighting       | 1 2 |  2.0
Armour         | 1 2 3 |  3.0
Conjurations   | 2 3 4 5 6 |  6.7
Dodging        | 3 |  3.0
Shields        | 1 2 3 |  3.0
Stealth        | 3 |  3.0
Alchemy        | 1 |  1.1
Air Magic      | 1 |  1.0
Necromancy     | 1 |  1.3
Fire Magic     | 2 4 5 |  5.4
Evocations     | 1 |  1.0
Summonings     | |  1.1
Translocations | |  1.1

Action                     |  1- 3 |  4- 6 |  7- 9 || total
---------------------------+-------+-------+-------++-------
  Melee: Dagger            |    10 |    25 |       ||    35
         Punch             |       |     1 |       ||     1
         Halberd           |       |    20 |    42 ||    62
   Cast: Magic Dart        |   117 |   100 |    11 ||   228
         Mephitic Cloud    |     2 |     7 |    20 ||    29
         Foxfire           |       |       |   196 ||   196
         Call Imp          |       |       |     1 ||     1
         Blink             |       |       |     4 ||     4
    Use: Potion            |       |       |     2 ||     2
   Stab: Confused          |       |     5 |     3 ||     8
         Sleeping          |       |       |     1 ||     1
 Armour: Robe              |    16 |    29 |    46 ||    91
  Dodge: Dodged            |    20 |    20 |    35 ||    75

Table legend: (Time is in decaauts)
 A = Elapsed time spent in this place.
 B = Non-inter-level travel time spent in this place.
 C = Inter-level travel time spent in this place.
 D = Time resting spent in this place.
 E = Time spent auto-exploring this place.
 F = Levels seen in this place.
 G = Mean time per level.
                   A        B        C        D        E       F      G
               +--------+--------+--------+--------+--------+-----+--------+
         Total |   9066 |   8880 |    186 |    578 |   7227 |   9 | 1007.3 |
       Dungeon |   9056 |   8873 |    183 |    578 |   7227 |   8 | 1132.0 |
        Temple |     10 |      7 |      3 |      0 |      0 |   1 |   10.0 |
               +--------+--------+--------+--------+--------+-----+--------+

Top non-repeatable levels by time:
     D:7: 1688 daAuts
     D:3: 1316 daAuts
     D:1: 1206 daAuts
     D:4: 1130 daAuts
     D:5: 1064 daAuts
     D:2: 1013 daAuts
     D:8: 979 daAuts
     D:6: 656 daAuts
  Temple: 10 daAuts
